 Dungeon Crawl Stone Soup version 0.17-a0-1393-gcb420ff (webtiles) character file.

58 ololoev the Stinger (level 3, 0/24 HPs)
             Began as a Mummy Venom Mage on June 16, 2015.
             Slain by a giant newt (1 damage)
             ... on level 2 of the Dungeon.
             The game lasted 00:03:34 (1226 turns).

ololoev the Stinger (Mummy Venom Mage)              Turns: 1226, Time: 00:03:34

Health: 0/24       AC:  2    Str: 11    XL:     3   Next: 75%
Magic:  0/7        EV: 12    Int: 15    God:
Gold:   24         SH:  0    Dex: 12    Spells: 2 memorised, 3 levels left

rFire  x . .     SeeInvis .     e - +1 whip (freeze)
rCold  + . .     Clarity  .     a - +0 robe
rNeg   + + +     SustAt   .     (no shield)
rPois  ∞         Gourm    .     (no helmet)
rElec  .         Spirit   .     (no cloak)
rCorr  .         Warding  .     (no gloves)
rMut   .         Stasis   .     (no boots)
MR     .....                    (no amulet)
Stlth  ++........               (no ring)
                                (no ring)

@: very slightly contaminated, not resistant to hostile enchantments, unstealthy
A: no food or potions, fire vulnerability, cold resistance 1, negative energy
resistance 3, torment resistance, unbreathing
a: no special abilities


Innate Abilities, Weirdness & Mutations

You do not eat or drink.
Your flesh is vulnerable to fire.
You are immune to poison.
Your flesh is cold resistant.
You are immune to negative energy.
You are immune to unholy pain and torment.
You can survive without breathing.

Inventory:

Hand weapons
 e - a +1 whip of freezing (weapon)
Armour
 a - a +0 robe (worn)
Scrolls
 d - 3 scrolls of identify {unknown}
Books
 b - a Young Poisoner's Handbook

   Spells                             Type                      Level
   a - Sting                          Conjuration/Poison           1
   b - Cure Poison                    Poison                       2
   c - Mephitic Cloud                 Conjuration/Poison/Air       3
   d - Olgreb's Toxic Radiance        Poison                       4
   e - Venom Bolt                     Conjuration/Poison           5


   Skills:
 - Level 1.5 Dodging
 - Level 1.5 Stealth
 + Level 2.7 Spellcasting
 * Level 4.1 Poison Magic


You had 3 spell levels left.
You knew the following spells:

 Your Spells              Type           Power        Failure   Level  Hunger
a - Sting                 Conj/Pois      #...         12%         1    N/A
b - Mephitic Cloud        Conj/Pois/Air  #.......     34%         3    N/A


You were on level 2 of the Dungeon.
You were not hungry.

You visited 1 branch of the dungeon, and saw 2 of its levels.

You collected 24 gold pieces.

........ .#..#...#
# ####
........##......
......... ..... ..
......#......
##..#.#..#.....
.....55l..!##
#h@.b.###
###.##......
#....†......
#..############
#.#"...........
...#..#......#..
...#..##........##
##.##..............
#. ##..##.##.#.#..

Notes
Turn   | Place    | Note
--------------------------------------------------------------
     0 | D:1      | ololoev the Mummy Venom Mage began the quest for the Orb.
     0 | D:1      | Reached XP level 1. HP: 13/13 MP: 3/3
    14 | D:1      | Reached XP level 2. HP: 16/19 MP: 1/5
   529 | D:1      | Reached XP level 3. HP: 20/24 MP: 4/6
   534 | D:1      | Learned a level 3 spell: Mephitic Cloud
   874 | D:2      | Reached skill level 4 in Poison Magic
  1218 | D:2      | Noticed Natasha
  1225 | D:2      | HP: 1/24 [Natasha (10)]
  1226 | D:2      | Slain by a giant newt

Dungeon Overview and Level Annotations

Branches:
Dungeon (2/15)

Altars:

Annotations:
D:2 Natasha


Message History

The goblin hits you but does no damage.
You closely miss the goblin. The bat closely misses you.
The goblin hits you with a club.
Natasha mumbles some strange words.
You hit the goblin. You freeze the goblin.
You kill the goblin!
The bat completely misses you. The bat misses you.
The bat hits you but does no damage. x2
The shadow imp shouts, "Bolt, thou qualling beetle-headed tombling!"
You closely miss the bat. The bat hits you but does no damage.
The bat closely misses you.
Natasha growls.
You closely miss the bat. The bat hits you.
Natasha mewls in sadness.
You closely miss Natasha. Natasha casts a spell at you.
The magic dart hits you! The bat hits you.
You are too injured to fight recklessly!
You are too injured to fight recklessly!
You are too injured to fight recklessly!
Unknown command.
Casting: Sting
Confirm with . or Enter, or press ? or * to list all spells.
Aiming: Sting
Press: ? - help, Shift-Dir - straight line, f - Natasha
Aim: Natasha The sting hits Natasha.
Natasha appears unharmed.
The bat closely misses you. Natasha claws you!
The giant newt hisses menacingly.
Your magical contamination has completely faded away.
Casting: Sting
Confirm with . or Enter, or press ? or * to list all spells.
Aiming: Sting
Press: ? - help, Shift-Dir - straight line, f/p - Natasha
Aim: Natasha You miscast Sting.
You are very lightly contaminated with residual magic.
Nothing appears to happen.
The bat closely misses you. Natasha closely misses you.
The giant newt bites you.
You die...

You could see Natasha, 2 shadow imps, a bat and a giant newt.

Vanquished Creatures
  A gnoll (D:1)
  An ooze (D:1)
  2 giant cockroaches (D:1)
  4 hobgoblins
  9 jackals
  7 kobolds
  A quokka (D:2)
  4 bats (D:1)
  4 giant newts
  5 goblins
  5 rats
43 creatures vanquished.

Action                   || total
-------------------------++-------
Melee: Dagger            ||    21
       Whip              ||    60
 Cast: Sting             ||    48
 Stab: Sleeping          ||     3

Vault maps used:
D:1:      lightli_arrival_boilingwater
D:2:      minmay_curled_crystal, uniq_natasha, uniq_jessica
